 Dungeon Sprint DCSS version 0.28-a0-1594-ga885d4b3d6 (webtiles) character file.

Game seed: 16227091793695213121

4498 123456 the Warrior (level 10, -1/110 HPs)
             Began as a Minotaur Fighter on Jan 20, 2022.
             Was a High Priest of Okawaru.
             Slain by a cane toad (9 damage)
             ... in the Dungeon (Sprint IX: "|||||||||||||||||||||||||||||").
             The game lasted 00:01:28 (779 turns).

123456 the Warrior (Minotaur Fighter)                Turns: 779, Time: 00:01:28

Health: -1/110     AC: 20    Str: 22    XL:     10   Next: 16%
Magic:  9/9        EV: 13    Int:  5    God:    Okawaru [*****.]
Gold:   18         SH:  0    Dex: 16    Spells: 9/9 levels left

rFire   . . .      SeeInvis .   n - +4 dire flail (vorpal)
rCold   . . .      Faith    .   (shield currently unavailable)
rNeg    . . .      Spirit   .   q - +1 chain mail
rPois   .          Reflect  .   (helmet restricted)
rElec   .          Harm     .   p - +1 cloak
rCorr   .          Rampage  .   (no gloves)
Will    .....      NoTele   +   o - +1 pair of boots
Stlth   ..........              (no amulet)
HPRegen 0.28/turn               r - +2 ring of protection
MPRegen 0.11/turn               s - +3 ring of dexterity

@: no status effects
A: horns 2, retaliatory headbutt
a: Renounce Religion, Heroism, Finesse


You were in the Dungeon.
You worshipped Okawaru.
Okawaru was extremely pleased with you.
You visited 1 branch You collected 18 gold pieces.

Inventory:

Hand Weapons
 a - a +0 flail
 n - a +4 vorpal dire flail (weapon)
Armour
 b - a +0 scale mail
 c - a +0 buckler
 o - a +1 pair of boots (worn)
 p - a +1 cloak (worn)
 q - a +1 chain mail (worn)
Jewellery
 r - a +2 ring of protection (left hand)
 s - a +3 ring of dexterity (right hand)
 u - a +6 ring of intelligence
Wands
 m - a wand of acid (10)
Scrolls
 j - 6 scrolls of blinking
 l - 2 scrolls of amnesia
 w - a scroll of identify
 y - a scroll of fog
Potions
 d - 2 potions of might
 e - 5 potions of curing
 f - 7 potions of heal wounds
 g - a potion of haste
 h - 4 potions of magic
 i - a potion of berserk rage
 k - a potion of invisibility
 t - a potion of brilliance


   Skills:
 * Level 16.8 Fighting
 * Level 16.6 Maces & Flails
 + Level 12.3 Armour
 + Level 10.8 Dodging
 - Level 3.6 Shields


You had 9 spell levels left.
You didn't know any spells.
Your spell library was empty.

Dungeon Overview and Level Annotations

Branches:
Dungeon (1/1)

Altars:
Cheibriados
Dithmenos
Elyvilon
Fedhas
Gozag
Hepliaklqana
Kikubaaqudgha
Makhleb
Nemelex Xobeh
Okawaru
Qazlal
Ru
Sif Muna
Trog
Uskayaw
Vehumet
Wu Jian
Xom
Yredelemnul
Zin
The Shining One
Beogh
Jiyva
Lugonu


Innate Abilities, Weirdness & Mutations

You have a pair of horns on your head.
You reflexively headbutt those who attack you in melee.


Message History

The five-headed hydra is moderately wounded.
You feel sick.
You impale the five-headed hydra!! You headbutt the five-headed hydra!
The five-headed hydra is almost dead.
You feel sick. The five-headed hydra bites you!
* * * LOW HITPOINT WARNING * * *
The five-headed hydra bites you but does no damage.
The five-headed hydra misses you. The five-headed hydra bites you.
* * * LOW HITPOINT WARNING * * *
The five-headed hydra bites you but does no damage.
You puncture the five-headed hydra!
You kill the five-headed hydra!
Okawaru is honoured by your kill.
Your Maces & Flails skill increases to level 16!
Your Armour skill increases to level 12!
You have reached level 10!
Unknown command.
You sock the cane toad!
You kill the cane toad!
Okawaru accepts your kill.
You feel sick.
You feel sick. The cane toad stings you!
* * * LOW HITPOINT WARNING * * *
You are lethally poisoned!
The cane toad poisons you! The cane toad completely misses you.
There is an open door to the Lair, spattered with blood here.
Things that are here:
a cane toad corpse; a hydra corpse; a yak corpse You feel better.
The cane toad stings you!
* * * LOW HITPOINT WARNING * * *
You hit the cane toad.
The cane toad is lightly wounded.
You barely miss the cane toad.
The cane toad is lightly wounded.
The cane toad misses you. You furiously retaliate!
You headbutt the cane toad.
The bullfrog releases a deep croak.
You puncture the cane toad! You headbutt the cane toad!
The cane toad is almost dead.
The cane toad stings you!
You die...

▓▓▓▓▓▓▓▓▓▓▓▓▓▓▓▓▓▓▓▓▓▓▓▓
..'.............@FFF....
▓▓▓▓▓▓▓▓▓▓▓▓▓▓▓▓▓▓▓▓▓▓▓▓▓▓▓▓▓▓▓▓▓
.................................
▓▓▓▓▓▓▓▓▓▓▓▓▓▓▓▓▓▓▓▓▓▓▓▓▓▓▓▓▓▓▓▓▓
))...).....'_____________________
▓▓▓▓▓▓▓▓▓▓▓▓▓▓▓▓▓▓▓▓▓▓▓▓▓▓▓▓▓▓▓▓▓


You could see 2 cane toads and a bullfrog.

Vanquished Creatures
  A hydra (D)
  2 centaur warriors (D)
  A deep elf pyromancer (D)
  A cyclops (D)
  2 cane toads (D)
  A troll (D)
  2 yaks (D)
  2 wyverns (D)
  A water moccasin (D)
  2 orc warriors (D)
  An ogre (D)
  A phantom (D)
  A wight (D)
  An orc wizard (D)
  An adder (D)
  An orc (D)
  A goblin (D)
  2 kobolds (D)
  2 ball python zombies (D)
  2 rats (D)
28 creatures vanquished.

Notes
Turn   | Place    | Note
-------+----------+-------------------------------------------
     0 | D        | 123456 the Minotaur Fighter began the quest for the Orb.
     0 | D        | Reached XP level 1. HP: 19/19 MP: 0/0
     8 | D        | Reached skill level 1 in Dodging
    81 | D        | Noticed an ogre
    81 | D        | Noticed a phantom
    81 | D        | Noticed a water moccasin
    83 | D        | Killed an ogre
    84 | D        | Reached skill level 5 in Armour
    84 | D        | Reached XP level 2. HP: 31/31 MP: 1/1
    84 | D        | Reached XP level 3. HP: 38/38 MP: 2/2
    84 | D        | Reached XP level 4. HP: 45/45 MP: 3/3
    90 | D        | Killed a phantom
    91 | D        | Reached XP level 5. HP: 33/53 MP: 4/4
    94 | D        | Killed a water moccasin
    95 | D        | Reached skill level 5 in Dodging
    95 | D        | Reached XP level 6. HP: 40/64 MP: 5/5
   222 | D        | Found a snail-covered altar of Cheibriados.
   222 | D        | Found a shadowy altar of Dithmenos.
   222 | D        | Found a white marble altar of Elyvilon.
   222 | D        | Found a blossoming altar of Fedhas.
   222 | D        | Found an opulent altar of Gozag.
   223 | D        | Found a hazy altar of Hepliaklqana.
   224 | D        | Found a viscous altar of Jiyva.
   225 | D        | Found an ancient bone altar of Kikubaaqudgha.
   226 | D        | Found a corrupted altar of Lugonu.
   227 | D        | Found a burning altar of Makhleb.
   228 | D        | Found a sparkling altar of Nemelex Xobeh.
   229 | D        | Found an iron altar of Okawaru.
   230 | D        | Found a stormy altar of Qazlal.
   231 | D        | Found a sacrificial altar of Ru.
   232 | D        | Found a shimmering blue altar of Sif Muna.
   233 | D        | Found a bloodstained altar of Trog.
   234 | D        | Found a hide-covered altar of Uskayaw.
   235 | D        | Found a radiant altar of Vehumet.
   236 | D        | Found an ornate altar of the Wu Jian Council.
   237 | D        | Became a worshipper of Warmaster Okawaru
   240 | D        | Found a shimmering altar of Xom.
   241 | D        | Found a basalt altar of Yredelemnul.
   242 | D        | Found a glowing silver altar of Zin.
   243 | D        | Found a glowing golden altar of the Shining One.
   305 | D        | Noticed an orc warrior
   305 | D        | Noticed an orc warrior
   305 | D        | Noticed a wyvern
   311 | D        | Killed an orc warrior
   312 | D        | Reached skill level 10 in Fighting
   312 | D        | Reached skill level 10 in Maces & Flails
   315 | D        | Killed an orc warrior
   316 | D        | Reached * piety under Okawaru
   317 | D        | Reached XP level 7. HP: 62/74 MP: 6/6
   320 | D        | Killed a wyvern
   383 | D        | Noticed a deep elf pyromancer
   383 | D        | Noticed a centaur warrior
   383 | D        | Noticed a cyclops
   383 | D        | Noticed a troll
   383 | D        | Noticed a centaur warrior
   389 | D        | Killed a deep elf pyromancer
   389 | D        | Reached ** piety under Okawaru
   390 | D        | Reached XP level 8. HP: 67/85 MP: 7/7
   394 | D        | Killed a centaur warrior
   394 | D        | Reached *** piety under Okawaru
   395 | D        | Reached skill level 10 in Armour
   399 | D        | Killed a cyclops
   400 | D        | Reached XP level 9. HP: 76/96 MP: 8/8
   408 | D        | Killed a troll
   416 | D        | Killed a centaur warrior
   416 | D        | Reached **** piety under Okawaru
   417 | D        | Reached skill level 15 in Fighting
   417 | D        | Reached skill level 15 in Maces & Flails
   748 | D        | Noticed a cane toad
   748 | D        | Noticed a cane toad
   748 | D        | Noticed a cane toad
   752 | D        | Reached skill level 10 in Dodging
   753 | D        | Noticed a five-headed hydra
   754 | D        | Killed a cane toad
   756 | D        | Noticed a cane toad
   760 | D        | Reached ***** piety under Okawaru
   773 | D        | Killed a five-headed hydra
   774 | D        | Reached XP level 10. HP: 23/108 MP: 9/9
   774 | D        | Killed a cane toad
   779 | D        | Slain by a cane toad

Illustrated notes

Levels and vault maps discovered:
D:        linesprint [early_d, line_temple, items_1, d_10, items_2, lair_1,
          lair_end, items_3, orc_1, orc_end, items_4, d_15, swamp_1, shoals_1,
          snake_1, spider_1, d_20, vaults_1, items_5, swamp_end, shoals_end,
          snake_end, spider_end, vaults_end, d_27, items_6, zot_1, zot_end,
          crypt_end, forest_end, elf_end, slime_end, tomb_end, abyss_end,
          pan_hell_end]

Skill      XL: |  1  2  3  4  5  6  7  8  9 |
---------------+----------------------------+-----
Fighting       | 6 8 9 11 12 14 16 | 16.8
Maces & Flails | 6 7 9 10 12 14 16 | 16.6
Dodging        | 3 4 5 6 7 9 10 | 10.8
Armour         | 5 6 7 8 9 10 12 | 12.3
Shields        | |  3.6

Action                   |  1- 3 |  4- 6 |  7- 9 | 10-12 || total
-------------------------+-------+-------+-------+-------++-------
Melee: Flail             |    11 |    19 |       |       ||    30
       Headbutt          |     3 |     5 |    12 |     1 ||    21
       Dire flail        |       |    10 |    62 |     4 ||    76
  Use: Scroll            |       |       |     4 |       ||     4
       Potion            |       |       |       |     1 ||     1
Armor: Scale mail        |     2 |     6 |       |       ||     8
       Chain mail        |       |       |    28 |       ||    28
Dodge: Dodged            |     3 |    13 |    22 |     2 ||    40
Block: Buckler           |     2 |     2 |       |       ||     4

Table legend: (Time is in decaauts)
 A = Elapsed time spent in this place.
 B = Non-inter-level travel time spent in this place.
 C = Inter-level travel time spent in this place.
 D = Time resting spent in this place.
 E = Time spent auto-exploring this place.
 F = Levels seen in this place.
 G = Mean time per level.
                   A        B        C        D        E       F      G
               +--------+--------+--------+--------+--------+-----+--------+
         Total |    755 |    755 |      0 |    112 |    427 |   1 |  755.0 |
       Dungeon |    755 |    755 |      0 |    112 |    427 |   1 |  755.0 |
               +--------+--------+--------+--------+--------+-----+--------+

Top non-repeatable levels by time:
       D: 755 daAuts
